Map: Triton LE

Players

ViBE - Winner!

  • Race: Protoss Protoss
  • League: Diamond
  • Spawn Location: 5:00

DemonPirate

  • Race: Zerg Zerg
  • Spawn Location: 11:00

VOD

Have the link to the VOD?

Description

Time

  • Played on: Dec. 13, 2019, 11:29 p.m.
  • Length: 13:57
Show
View Real Time Build Order
Export as new Build Order

ViBE Protoss - Winner!

Build Orders: 1 Gate Expand, Archon Immortal 

Get SALT Encoding   

  12  0:00  Probe  
  13  0:13  Probe  
  14  0:20  Pylon  
  14  0:25  Probe  
  15  0:38  Probe  
  16  0:43  Gateway  
  16  0:50  Probe (Chrono Boost)  
  16  0:52  Assimilator  
  17  0:59  Probe (Chrono Boost)  
  18  1:04  Probe (Chrono Boost)  
  19  1:16  Probe  
  20  1:28  Probe  
  20  1:31  Nexus  
  21  1:40  Probe  
  21  1:44  Cybernetics Core  
  22  1:49  Pylon  
  22  1:55  Assimilator  
  22  1:58  Probe (Chrono Boost)  
  23  2:10  Probe (Chrono Boost)  
  24  2:18  Probe (Chrono Boost)  
  25  2:24  Probe  
  26  2:32  Warp Gate, Stalker  
  26  2:36  Probe  
  29  2:45  Gateway  
  29  2:48  Probe (Chrono Boost)  
  29  2:49  Probe (Chrono Boost)  
  31  2:55  Robotics Facility  
  31  2:57  Pylon  
  31  2:58  Probe x2 (Chrono Boost)  
  33  3:03  Probe x2 (Chrono Boost)  
  34  3:14  Probe (Chrono Boost)  
  34  3:15  Probe (Chrono Boost)  
  36  3:20  Assimilator  
  36  3:22  Assimilator  
  36  3:23  Sentry  
  36  3:26  Probe (Chrono Boost)  
  39  3:31  Pylon  
  39  3:33  Probe (Chrono Boost)  
  40  3:35  Probe (Chrono Boost)  
  40  3:39  Probe (Chrono Boost)  
  40  3:40  Stalker  
  40  3:41  Probe  
  45  3:51  Probe  
  45  3:52  Stalker  
  45  3:53  Probe  
  49  4:03  Probe  
  49  4:05  Probe, Immortal  
  55  4:13  Phoenix  
  55  4:15  Probe  
  56  4:17  Probe  
  56  4:21  Twilight Council  
  57  4:27  Probe  
  57  4:29  Probe, Pylon, Stalker  
  61  4:35  Nexus  
  61  4:39  Probe  
  61  4:41  Pylon  
  62  4:47  Probe  
  62  4:51  Probe  
  64  4:53  Immortal  
  64  4:59  Probe  
  69  5:04  Probe  
  70  5:12  Probe, Stalker x2  
  75  5:16  Probe (Chrono Boost)  
  75  5:20  Charge  
  76  5:24  Probe (Chrono Boost)  
  76  5:26  Templar Archives  
  76  5:28  Probe (Chrono Boost), Forge  
  78  5:38  Pylon  
  78  5:41  Pylon  
  78  5:45  Pylon  
  78  5:46  Probe (Chrono Boost)  
  78  5:47  Probe (Chrono Boost), Observer  
  82  5:50  Probe (Chrono Boost), Pylon  
  82  5:53  Pylon  
  82  5:55  Pylon  
  84  5:57  Zealot x2  
  84  5:58  Probe x2 (Chrono Boost)  
  84  6:00  Probe (Chrono Boost)  
  84  6:03  Probe x2 (Chrono Boost)  
  90  6:05  Probe (Chrono Boost)  
  92  6:17  Probe x3  
  95  6:20  Assimilator  
  95  6:22  Assimilator  
  95  6:24  Gateway  
  95  6:25  Gateway  
  95  6:29  Probe x2  
  95  6:30  Gateway  
  95  6:32  Gateway  
  97  6:34  Gateway  
  97  6:35  Gateway  
  97  6:40  Protoss Ground Weapons Level 1 (Chrono Boost)  
  97  6:46  High Templar x2, Immortal (Chrono Boost)  
  101  6:51  Probe x3  
  101  6:53  Nexus  
  108  6:59  Pylon  
  108  7:01  Pylon  
  108  7:03  Probe x2  
  108  7:04  Probe  
  108  7:08  Pylon  
  111  7:09  Robotics Facility  
  111  7:12  Robotics Bay  
  111  7:20  Gateway  
  111  7:22  Gateway  
  111  7:24  Gateway  
  111  7:25  High Templar x4  
  111  7:26  Gateway, Zealot  
  111  7:27  Zealot  
  111  7:28  Archon  
  111  7:29  Archon x2  
  123  7:40  Probe x3  
  126  7:52  Probe x3  
  126  7:53  Immortal (Chrono Boost), Zealot x4  
  141  8:02  Immortal (Chrono Boost), Assimilator  
  141  8:05  Assimilator  
  145  8:17  Pylon  
  145  8:21  Pylon  
  145  8:22  High Templar x3  
  145  8:23  High Templar x3  
  145  8:24  Immortal  
  145  8:25  Zealot x4  
  145  8:26  Zealot x2  
  173  8:28  Archon x3  
  173  8:36  Photon Cannon  
  173  8:37  Photon Cannon  
  173  8:40  Photon Cannon, Shield Battery  
  173  8:42  Photon Cannon  
  173  8:44  Shield Battery  
  173  8:46  Photon Cannon  
  173  8:48  Photon Cannon  
  173  8:52  Photon Cannon, Shield Battery  
  173  8:58  Photon Cannon  
  173  9:00  Shield Battery  
  167  9:04  High Templar x2  
  167  9:05  High Templar x4  
  177  9:11  Archon x3  
  177  9:13  Pylon  
  177  9:28  Nexus  
  177  9:32  Pylon  
  177  9:34  Zealot x2  
  177  9:35  Protoss Ground Weapons Level 2 (Chrono Boost), Pylon, Zealot x3  
  177  9:37  Pylon  
  187  9:50  Immortal x2  
  195  10:00  Probe  
  195  10:01  Probe  
  197  10:07  Zealot  
  197  10:13  Stargate  
  195  10:29  Observer  
  195  10:32  Photon Cannon  
  195  10:34  Photon Cannon  
  172  10:36  Photon Cannon  
  172  10:38  Photon Cannon  
  172  10:40  Photon Cannon  
  152  10:43  Photon Cannon  
  152  10:45  Shield Battery  
  152  10:46  Shield Battery  
  152  10:49  High Templar x2  
  138  10:50  High Templar x7, Shield Battery  
  138  10:51  High Templar x2  
  138  10:52  Assimilator  
  138  10:53  Immortal  
  138  10:56  Immortal  
  152  10:58  Assimilator  
  120  11:18  Zealot x3  
  120  11:19  Zealot x5  
  120  11:20  Zealot x3  
  138  11:27  Stargate  
  138  11:30  Stargate  
  138  11:31  Fleet Beacon  
  138  11:39  Gateway  
  138  11:41  Gateway  
  138  11:43  Gateway  
  138  11:46  Gateway  
  138  11:47  Gateway  
  138  11:49  Gateway  
  138  11:52  Gateway, Archon  
  138  11:53  Archon x4, Gateway  
  138  11:55  High Templar  
  138  11:56  Gateway, Zealot x4  
  138  11:57  Zealot  
  138  11:58  Gateway, Immortal x2  
  138  11:59  Archon  
  158  12:09  High Templar x4  
  158  12:10  High Templar  
  168  12:23  High Templar x3  
  168  12:24  High Templar  
  168  12:29  High Templar  
  178  12:32  Archon x2  
  178  12:33  Archon x3  
  178  12:34  Zealot  
  178  12:35  Zealot x2  
  184  12:39  Zealot  
  184  12:40  Zealot  
  184  12:41  Zealot  
  184  12:42  Zealot x4  
  198  12:45  Observer x2  
  196  13:30  Nexus  
  196  13:32  Pylon  
  194  13:35  Pylon  
  194  13:38  Pylon  
  194  13:40  Zealot x5  
  194  13:41  Zealot x5  
  192  13:42  Zealot x2  
  192  13:43  Zealot x2  
Show
View Real Time Build Order
Export as new Build Order

DemonPirate Zerg 

Build Orders: Hatch First 

Get SALT Encoding   

  12  0:01  Drone  
  13  0:19  Drone  
  14  0:23  Overlord  
  14  0:45  Drone x3  
  17  0:57  Hatchery, Drone  
  17  1:07  Drone  
  18  1:18  Drone  
  19  1:21  Spawning Pool  
  19  1:23  Extractor  
  17  1:28  Drone  
  18  1:39  Drone  
  19  1:52  Drone  
  20  2:00  Drone  
  21  2:04  Hatchery  
  20  2:08  Zergling x2  
  20  2:10  Queen  
  23  2:21  Overlord  
  23  2:22  Drone  
  24  2:23  Drone  
  25  2:32  Lair  
  25  2:48  Drone x4  
  29  2:57  Drone  
  30  3:01  Overlord  
  30  3:04  Drone  
  30  3:05  Roach Warren  
  30  3:09  Drone  
  31  3:14  Drone  
  31  3:17  Queen  
  31  3:19  Drone  
  35  3:22  Drone  
  35  3:26  Zergling x2  
  37  3:29  Drone x2  
  37  3:31  Drone x2  
  41  3:37  Extractor  
  41  3:38  Hydralisk Den  
  41  3:40  Extractor  
  38  3:43  Drone  
  38  3:44  Drone  
  38  3:45  Drone  
  38  3:48  Glial Reconstitution  
  41  3:56  Overlord x2  
  41  3:59  Drone x2  
  43  4:04  Drone x2  
  43  4:05  Drone  
  45  4:15  Drone x4  
  49  4:17  Drone  
  49  4:18  Drone  
  49  4:21  Extractor, Drone x2  
  52  4:25  Infestation Pit  
  52  4:28  Drone x2  
  52  4:30  Drone  
  54  4:34  Muscular Augments  
  54  4:36  Zergling x4  
  56  4:42  Zergling x2  
  56  4:44  Metabolic Boost  
  57  4:50  Drone  
  57  4:52  Evolution Chamber  
  57  4:53  Spore Crawler x2, Evolution Chamber  
  57  4:56  Spore Crawler  
  53  5:02  Drone x2  
  53  5:04  Drone x3  
  53  5:05  Overlord  
  58  5:09  Pathogen Glands  
  57  5:21  Overlord  
  57  5:22  Overlord x2  
  57  5:23  Queen  
  57  5:24  Drone  
  57  5:25  Drone  
  61  5:28  Zerg Missile Weapons Level 1  
  61  5:32  Zerg Ground Armor Level 1  
  61  5:38  Queen  
  63  5:42  Spine Crawler  
  63  5:47  Spine Crawler  
  61  5:56  Infestor, Hydralisk x4  
  71  5:57  Zergling x2  
  71  5:58  Zergling x2  
  71  5:59  Drone  
  71  6:02  Drone  
  75  6:06  Drone  
  75  6:07  Drone x2  
  75  6:09  Drone x2  
  75  6:10  Drone  
  81  6:43  Grooved Spines  
  81  6:49  Overlord x7  
  81  7:04  Hive  
  81  7:05  Hatchery  
  80  7:11  Evolution Chamber  
  80  7:12  Spire, Hydralisk x4  
  80  7:13  Zergling x10, Hydralisk, Overlord x2  
  80  7:14  Zergling x2, Hydralisk  
  80  7:15  Zergling x4  
  98  7:17  Infestor  
  98  7:19  Zergling x2  
  98  7:21  Drone  
  98  7:22  Extractor, Drone  
  102  7:39  Hatchery  
  94  7:51  Hydralisk x2  
  94  7:52  Zergling x2, Infestor, Hydralisk x2  
  94  7:53  Zergling x8  
  94  7:54  Zergling x2, Roach  
  94  7:55  Zergling x4  
  114  8:05  Zergling x6, Hydralisk  
  119  8:10  Zerg Missile Weapons Level 2  
  119  8:14  Zergling x2  
  119  8:15  Zergling x2  
  119  8:19  Drone  
  122  8:22  Drone x3  
  125  8:31  Greater Spire  
  125  8:36  Zergling x2, Spine Crawler, Hydralisk x3  
  125  8:37  Zergling x6  
  134  8:45  Burrow  
  134  8:46  Drone x2  
  136  8:51  Drone x5  
  136  8:52  Drone x3  
  144  8:56  Drone x4  
  132  9:17  Zergling x4, Hydralisk x7  
  132  9:18  Zergling x8  
  152  9:26  Zerg Ground Armor Level 2  
  152  9:29  Extractor  
  152  9:31  Spine Crawler x2  
  149  9:32  Spore Crawler  
  138  9:45  Viper  
  126  9:46  Hydralisk  
  126  9:47  Zergling x6, Roach  
  126  9:48  Roach  
  126  9:50  Drone x3  
  126  9:51  Drone x5  
  146  9:55  Extractor, Drone x3  
  146  9:56  Spine Crawler  
  146  9:57  Spine Crawler  
  146  9:59  Zergling x4, Mutalisk  
  151  10:00  Zergling x2, Roach  
  151  10:02  Zergling x4  
  155  10:10  Extractor  
  155  10:12  Spine Crawler x2  
  152  10:18  Spore Crawler  
  148  10:21  Hydralisk x2  
  148  10:22  Zergling x6, Hydralisk  
  148  10:26  Hydralisk  
  148  10:27  Roach x2  
  149  10:30  Zergling x2, Hydralisk x2  
  149  10:33  Hydralisk  
  149  10:35  Hydralisk  
  141  10:36  Zergling x2  
  134  10:42  Hydralisk  
  134  10:43  Zergling x2, Roach  
  134  10:46  Hydralisk x2  
  134  10:47  Zergling x2, Roach  
  126  10:53  Zergling x2, Roach x2, Hydralisk  
  126  10:55  Roach  
  126  10:56  Roach  
  123  11:00  Zergling x2, Extractor, Hydralisk  
  123  11:01  Zergling x2, Extractor  
  123  11:04  Queen  
  113  11:07  Overlord  
  102  11:15  Hydralisk x2  
  102  11:16  Zergling x4, Roach x2  
  105  11:18  Hydralisk  
  105  11:19  Zergling x2  
  105  11:24  Drone x2  
  108  11:32  Hydralisk x2  
  112  11:33  Roach x2  
  114  11:42  Corruptor  
  114  11:43  Corruptor  
  114  11:44  Zergling x2  
  114  11:45  Zergling x2  
  119  11:50  Hatchery  
  118  11:54  Mutalisk, Hydralisk  
  118  11:55  Zergling x2, Roach  
  118  11:57  Queen  
  127  12:08  Queen  
  127  12:12  Ravager x3  
  127  12:14  Overseer  
  134  12:22  Brood Lord  
  134  12:35  Hydralisk x2  
  134  12:36  Zergling x6, Roach x2  
  145  12:42  Hatchery  
  144  13:00  Hydralisk x2  
  144  13:01  Zergling x6, Roach x3, Hydralisk  
  144  13:02  Zergling x2  
  159  13:07  Drone  
  159  13:14  Drone  
  159  13:15  Drone x6  
  166  13:23  Zergling x2, Roach, Hydralisk x2  
  136  13:35  Zergling x2  
Tags
 
Add a new tag
Caveats
  • Supply blocks, unpowered buildings, or Contaminate may cause inaccurate times.
  • Supply counts are checked every 10 seconds.